 Dungeon Crawl Stone Soup version 0.27.1-3-gb3d3a73c9e (webtiles) character file.

Game seed: 5413833554185936890

4 Sirial the Skirmisher (level 1, 0/18 HPs)
             Began as a Mummy Monk on Oct 19, 2021.
             Slain by a quokka (2 damage)
             ... on level 1 of the Dungeon.
             The game lasted 00:00:35 (70 turns).

Sirial the Skirmisher (Mummy Monk)                    Turns: 70, Time: 00:00:36

Health: 0/18       AC:  2    Str: 14    XL:     1   Next: 50%
Magic:  1/1        EV: 12    Int:  9    God:
Gold:   0          SH:  5    Dex: 14    Spells: 0/0 levels left

rFire    x . .     SeeInvis .     - Unarmed
rCold    + . .     Faith    .   (no shield)
rNeg     + + +     Spirit   .   a - +0 robe
rPois    ∞         Reflect  +   (no helmet)
rElec    .         Harm     .   (no cloak)
rCorr    .         Rampage  .   (no gloves)
Will     .....                  (no boots)
Stlth    ++........             c - amulet of reflection
HPRegen  0.06/turn              (no ring)
MPRegen  0.07/turn              (no ring)

@: no status effects
A: cold resistance 1, negative energy resistance 3, torment resistance 2, heat
vulnerability 1, no potions
a: no special abilities


You were on level 1 of the Dungeon.
You visited 1 branch of the dungeon, and saw 1 of its levels.

Inventory:

Armour
 a - a +0 robe (worn)
Jewellery
 c - an amulet of reflection (around neck)
Scrolls
 b - a scroll of identify {unknown}
 d - a scroll of enchant armour {unknown}


   Skills:
 + Level 3.0 Fighting
 + Level 2.5 Dodging
 + Level 1.5 Stealth
 + Level 2.4 Unarmed Combat


You couldn't memorise any spells.
You didn't know any spells.
Your spell library was empty.

Dungeon Overview and Level Annotations

Branches:
Dungeon (1/15)

Altars:


Innate Abilities, Weirdness & Mutations

You are immune to poison.
Your flesh is cold resistant. (rC+)
You are immune to negative energy. (rN+++)
You are immune to unholy pain and torment.
You are vulnerable to heat. (rF-)
You do not drink.


Message History

The ball python constricts you.
You hit the ball python.
The ball python is severely wounded.
The ball python closely misses you. The ball python constricts you.
You closely miss the ball python.
The ball python is severely wounded.
The ball python barely misses you. The ball python constricts you.
You hit the ball python.
You kill the ball python!
c - an amulet of reflection A quokka comes into view.
Found 9 gold pieces.
You see here a scroll labelled CIKEPT MARET.
A hobgoblin and a dart slug come into view.
You see here a scroll labelled CIKEPT MARET.
d - a scroll labelled CIKEPT MARET You start putting on your amulet.
You continue putting on your amulet of reflection. x2
The quokka bites you but does no damage.
Keep equipping yourself? [Y]es or [N]o only, please.
Keep equipping yourself? [Y]es or [N]o only, please.
Keep equipping yourself?
You continue putting on your amulet of reflection.
The quokka misses you.
You continue putting on your amulet of reflection.
The quokka completely misses you.
You continue putting on your amulet of reflection.
The quokka bites you.
* * * LOW HITPOINT WARNING * * *
The quokka barely misses you.
You finish putting on your amulet of reflection.
You feel a shielding aura gather around you.
c - an amulet of reflection (around neck)
You closely miss the quokka. The quokka barely misses you.
You closely miss the quokka.
The quokka bites you but does no damage.
You closely miss the quokka. The quokka bites you.
You die...

... #.....## .
#.....######
#..........#
######..†..#
#........#
#........#######
#..)...r........
#...r###........
#...@# #........
###### #........
.g......r......
....w..........
...............
#####..##......
#.. .##... #..
$# ... #.# .. ..


You could see a quokka.

Vanquished Creatures
  A dart slug (D:1)
  A ball python (D:1)
2 creatures vanquished.

Notes
Turn   | Place    | Note
-------+----------+-------------------------------------------
     0 | D:1      | Sirial the Mummy Monk began the quest for the Orb.
     0 | D:1      | Reached XP level 1. HP: 18/18 MP: 1/1
    70 | D:1      | Slain by a quokka

Illustrated notes

Levels and vault maps discovered:
D:1:      wander_arrival_lonely_grave, layout_basic, minmay_tetromino_o4

Action                   || total
-------------------------++-------
Melee: Unarmed           ||    15
Armor: Robe              ||     4
Dodge: Dodged            ||    12
